 Dungeon Crawl Stone Soup version 0.31-a0-1540-g5a0b83f448 (webtiles) character file.

Game seed: 15191134225868922236

1418 monsoonserge the Changeling (level 8, -10/44 HPs)
             Began as an Octopode Shapeshifter on Jan 2, 2024.
             Was an Initiate of Gozag.
             Mangled by Maggie
             ... wielding a +0 scimitar of distortion
              (18 damage)
             ... on level 7 of the Dungeon.
             The game lasted 00:16:17 (4467 turns).

monsoonserge the Changeling (Octopode Shapeshifter) Turns: 4467, Time: 00:16:19

Health: -10/44     AC:  7    Str: 27    XL:     8   Next: 71%
Magic:  8/8        EV: 10    Int: 12    God:    Gozag
Gold:   477        SH:  0    Dex: 11    Spells: 5/7 levels left

rFire   . .          .
                       - Unarmed
rCold   + . .        e - melded +0 kite shield
rNeg    . . .        (helmet currently unavailable)
rPois   +            (no amulet)
rElec   .            v - ring of Muino {Fly rC+}
rCorr   .            x - +6 ring of strength
SInv    .            (no ring)
Will    .....        (no ring)
Stlth   +            (no ring)
HPRegen 0.27/turn    (no ring)
MPRegen 0.11/turn    (no ring)
                     (no ring)

%: no passive effects
@: snake-form, gold aura, flying
A: constrict, reduced hp, almost no armour, amphibious, 8 rings, large,
(camouflage 1), (gelatinous body 1), (nimble swimmer 1), (tentacles)
a: Begin Untransformation, Renounce Religion, Potion Petition, Call Merchant,
Bribe Branch


You were on level 7 of the Dungeon.
You worshipped Gozag.
Gozag was aware of your devotion.
You were an enormous serpent.
You visited 2 branches of the dungeon, and saw 8 of its levels.

You collected 581 gold pieces.
You spent 42 gold pieces at shops.
You paid 62 gold pieces to Gozag.

Inventory:

Missiles
 i - 21 poisoned darts (quivered)
 B - a boomerang
Armour
 e - a +0 kite shield (melded)
Jewellery
 g - a ring of fire
 v - the ring of Muino (left tentacle) {Fly rC+}
   (You found it on level 4 of the Dungeon)

   [ring of flight]

   rC+:       It protects you from cold.
   Fly:       It grants you flight.
 x - a +6 ring of strength (right tentacle)
Talismans
 b - a beast talisman
 c - a flux talisman
 w - a serpent talisman (active)
Wands
 A - a wand of light (12)
Scrolls
 f - 2 scrolls of identify {unknown}
 k - a scroll of poison {unknown}
 l - 2 scrolls of enchant weapon {unknown}
 m - 2 scrolls of blinking
 n - a scroll of vulnerability {unknown}
 r - a scroll of revelation {unknown}
 s - a scroll of enchant armour {unknown}
 t - 2 scrolls of teleportation
 u - a scroll of silence {unknown}
 y - a scroll of fog {unknown}
 C - a scroll of noise {unknown}
Potions
 a - 3 potions of lignification
 d - 2 potions of heal wounds
 h - 2 potions of degeneration {unknown}
 j - a potion of might {unknown}
 o - a potion of brilliance {unknown}
 p - 3 potions of curing {unknown}
 q - a potion of magic {unknown}
 z - a potion of berserk rage {unknown}


   Skills:
 + Level 2.6 Fighting
 + Level 0.6 Throwing
 + Level 2.7 Dodging
 - Level 1.0 Stealth
 - Level 2.0 Shields
 * Level 7.0 Unarmed Combat
 * Level 7.2 Shapeshifting


You had 5 spell levels left.
You knew the following spells:

 Your Spells              Type           Power      Damage    Failure   Level
a - Blink                 Tloc           0%         N/A       45%         2

Your spell library contained the following spells:

 Spells                   Type           Power      Damage    Failure   Level
 Cigotuvi's Dreadful Rot  Necr/Alch/Air  0%         N/A       45%         2
 Lesser Beckoning         Tloc           0%         N/A       45%         2
 Momentum Strike          Conj/Tloc      0%         3d8       45%         2
 Anguish                  Hex/Necr       0%         N/A       97%         4
 Cause Fear               Hex            0%         N/A       97%         4
 Ignite Poison            Fire/Alch      0%         N/A       97%         4
 Freezing Cloud           Conj/Ice/Air   0%         6-21      100%        5
 Enfeeble                 Hex            0%         N/A       100%        7


Dungeon Overview and Level Annotations

Branches:
Dungeon (7/15)             Temple (1/1) D:4

Altars:
Ashenzari
Cheibriados
Dithmenos
Elyvilon
Fedhas
Gozag
Hepliaklqana
Kikubaaqudgha
Makhleb
Nemelex Xobeh
Okawaru
Qazlal
Ru
Sif Muna
Trog
Uskayaw
Vehumet
Wu Jian
Zin
The Shining One

Shops:
D:7 ?

Annotations:
D:7 Jeremiah, Maggie


Innate Abilities, Weirdness & Mutations

You are an enormous serpent.
You have a powerful constriction melee attack.
Your maximum health is decreased, since you lack skill for your form.
Your armour is entirely melded.
You are incapable of wielding weapons or throwing items.
You cannot wear most types of armour.
You are amphibious.
You can wear up to eight rings at the same time.
((Your skin changes colour to match your surroundings (Stealth+).))
((Your rubbery body absorbs attacks. (AC +1, EV +1)))
((You are camouflaged when in or above water. (Stealth+)))
((You have tentacles for arms and can constrict up to eight enemies at once.))


Message History

You closely miss Maggie. Your grab misses Maggie.
You hit Maggie but do no damage. Your grab misses Maggie.
Maggie barely misses you.
You barely miss Maggie. You grab Maggie. You constrict Maggie.
Maggie closely misses you.
You lash Maggie!
Maggie is moderately wounded.
You break out of your daze.
You constrict Maggie, but do no damage.
Maggie points at you and mumbles some strange words.
The bolt of fire hits you!
Unknown command.
Unknown command.
You lash Maggie!
Maggie is heavily wounded.
You constrict Maggie. Maggie barely misses you.
You hit Maggie.
Maggie is severely wounded.
You constrict Maggie.
Maggie hits you with a +0 scimitar of distortion!
Space warps around you.
You barely miss Maggie.
Maggie is severely wounded.
You constrict Maggie.
Maggie hits you with a +0 scimitar of distortion.
* * * LOW HITPOINT WARNING * * *
Space warps around you.
* * * LOW HITPOINT WARNING * * *
Press: ? - help, v - describe, . - travel, g - get item
Here: Maggie, wielding a +0 scimitar of distortion and wearing +2 steam dragon scales (almost dead, constricted by you) Item here: 6 gold pieces.
The floor, spattered with blood.
You hit Maggie but do no damage.
Maggie is almost dead.
You constrict Maggie.
Maggie hits you with a +0 scimitar of distortion.
* * * LOW HITPOINT WARNING * * *
Space warps horribly around you!!
You die...
Your body crumbles into a pile of gold.

#####+#######.
....).).....####'####+##
........................
........................
........................
........................
........................
........................
.............F.bS!......
............#'###@......
.......#+####...#.......
.......#........#.......
.......#..<.....#.......
.......+...##...#.......
.......#...##...#.......
.......#'####...#....>..
............#...+.......


You could see Maggie and Jeremiah.

Vanquished Creatures
  A steam dragon (D:6)
  A water moccasin (D:6)
  An ice beast (D:6)
  A sky beast (D:6)
  A black bear (D:3)
  An ogre (D:7)
  2 phantoms (D:4)
  A kobold brigand (D:7)
  A bullfrog (D:6)
  A howler monkey (Temple)
  2 bombardier beetles
  A jelly (D:3)
  4 hounds
  4 iguanas
  2 orc wizards
  3 adders
  A white imp (D:5)
  4 dart slugs
  2 ribbon worms
  13 orcs
  9 ball pythons
  7 bats
  7 endoplasms
  4 giant cockroaches
  7 hobgoblins
  10 kobolds
  2 quokkas
  4 frilled lizards
  6 goblins
  10 rats
113 creatures vanquished.

Notes
Turn   | Place    | Note
-------+----------+-------------------------------------------
     0 | D:1      | monsoonserge the Octopode Shapeshifter began the quest for
                  | the Orb.
     0 | D:1      | Reached XP level 1. HP: 13/13 MP: 1/1
    62 | D:1      | Found a faded altar of an unknown god.
   104 | D:1      | Reached XP level 2. HP: 18/18 MP: 2/2
   454 | D:1      | Reached XP level 3. HP: 15/23 MP: 3/3
   807 | D:2      | Reached skill level 1 in Stealth
   991 | D:3      | Noticed a black bear
  1222 | D:3      | Identified the +0 leather armour of Fortification {rN+}
  1232 | D:3      | Reached XP level 4. HP: 21/28 MP: 4/4
  1315 | D:3      | Reached skill level 1 in Shields
  1596 | D:4      | Reached XP level 5. HP: 33/33 MP: 5/5
  1704 | D:4      | Found a snail-covered altar of Cheibriados.
  1704 | D:4      | Found a burning altar of Makhleb.
  1858 | D:4      | Identified the +4 ring mail of Filth {+Inv}
  1893 | D:4      | You fall into a shaft and drop 2 floors!
  1953 | D:6      | Noticed an ice beast
  1968 | D:6      | Noticed a water moccasin
  1977 | D:6      | Killed a water moccasin
  1978 | D:6      | Reached skill level 5 in Shapeshifting
  1978 | D:6      | Reached XP level 6. HP: 22/39 MP: 6/6
  2099 | D:5      | Entered Level 5 of the Dungeon
  2238 | D:5      | Learned a level 2 spell: Blink
  2322 | D:4      | Found a staircase to the Ecumenical Temple.
  2332 | Temple   | Entered the Ecumenical Temple
  2337 | Temple   | Became a worshipper of Gozag Ym Sagoz the Greedy
  2508 | D:4      | Reached XP level 7. HP: 38/45 MP: 7/7
  2515 | D:4      | Identified the ring of Muino {Fly rC+}
  2849 | D:5      | Found a shimmering blue altar of Sif Muna.
  2986 | D:5      | Found a hide-covered altar of Uskayaw.
  3047 | D:6      | Reached skill level 5 in Unarmed Combat
  3078 | D:6      | Reached XP level 8. HP: 35/50 MP: 8/8
  3616 | D:7      | Found a blossoming altar of Fedhas.
  3842 | D:7      | Noticed Jeremiah
  4227 | D:7      | Noticed Maggie
  4242 | D:7      | Found Metergh's Magic Scroll Shoppe.
  4251 | D:7      | Bought a scroll of teleportation for 42 gold pieces
  4467 | D:7      | Mangled by Maggie

Illustrated notes

Levels and vault maps discovered:
D:1:      heliophobic_arrival_battle_scene, layout_rooms,
          nicolae_ecumenical_snake_handling
D:2:      layout_rooms, serial_bayou_pond_d
D:3:      layout_basic
D:4:      layout_basic, gammafunk_temple_overflow_statue,
          minmay_temple_entry_large_hall
D:5:      layout_rooms, mainiacjoe_overflow_24_doors,
          eat_drink_and_be_merry_uskayaw, corexii_leaking_fountain
D:6:      layout_cave_pools
D:7:      layout_gridville, fedhas_altar_3, serial_shops, nicolae_shop_crystal,
          corexii_hall_statues_i, uniq_jeremiah, uniq_maggie, uniq_pikel,
          uniq_joseph
Temple:   hellmonk_temple_of_storms

Skill      XL: |  1  2  3  4  5  6  7  8 |
---------------+-------------------------+-----
Unarmed Combat | 4 5 7 |  7.0
Stealth        | 1 |  1.0
Shields        | 1 2 |  2.0
Shapeshifting  | 4 5 6 7 |  7.2
Fighting       | 2 |  2.6
Throwing       | |  0.6
Dodging        | |  2.7

Action                     |  1- 3 |  4- 6 |  7- 9 || total
---------------------------+-------+-------+-------++-------
  Melee: Unarmed           |    87 |    70 |   102 ||   259
         Constrict         |    25 |    16 |    26 ||    67
         Tentacles         |    16 |    12 |    22 ||    50
         Punch             |     5 |     1 |       ||     6
  Throw: Dart              |       |     1 |       ||     1
    Use: Potion            |       |     1 |       ||     1
         Scroll            |       |     1 |       ||     1
   Stab: Sleeping          |     9 |     4 |       ||    13
         Distracted        |     1 |       |       ||     1
 Armour: Skin              |    23 |    34 |    32 ||    89
  Dodge: Dodged            |    56 |    32 |    47 ||   135
  Block: Kite shield       |    20 |    21 |     2 ||    43
   Form: Flux              |       |       |     1 ||     1
         Serpent           |       |       |     1 ||     1

Table legend: (Time is in decaauts)
 A = Elapsed time spent in this place.
 B = Non-inter-level travel time spent in this place.
 C = Inter-level travel time spent in this place.
 D = Time resting spent in this place.
 E = Time spent auto-exploring this place.
 F = Levels seen in this place.
 G = Mean time per level.
                   A        B        C        D        E       F      G
               +--------+--------+--------+--------+--------+-----+--------+
         Total |   4480 |   4202 |    278 |    515 |   2045 |   8 |  560.0 |
       Dungeon |   4311 |   4033 |    278 |    381 |   2045 |   7 |  615.9 |
        Temple |    168 |    168 |      0 |    134 |      0 |   1 |  168.0 |
               +--------+--------+--------+--------+--------+-----+--------+

Top non-repeatable levels by time:
     D:6: 1021 daAuts
     D:4: 801 daAuts
     D:3: 706 daAuts
     D:1: 584 daAuts
     D:5: 425 daAuts
     D:2: 407 daAuts
     D:7: 364 daAuts
  Temple: 168 daAuts
